Map: Crête de Lerilak

Players

inlandsis

  • Race: Zerg Zerg
  • League: Silver
  • Spawn Location: 1:00

zidar - Winner!

  • Race: Zerg Zerg
  • League: Silver
  • Spawn Location: 7:00

VOD

Have the link to the VOD?

Description

Time

  • Played on: Dec. 12, 2015, 2:01 p.m.
  • Length: 7:24
Show
View Real Time Build Order
Export as new Build Order

inlandsis Zerg 

Build Orders: Hatch First 

Get SALT Encoding   

  12  0:03  Drone  
  13  0:09  Drone  
  14  0:16  Overlord  
  15  0:35  Drone x2  
  15  0:36  Drone  
  17  1:06  Extractor  
  17  1:07  Hatchery  
  15  1:13  Spawning Pool  
  15  1:15  Drone  
  15  1:30  Drone x3  
  18  2:00  Queen  
  20  2:04  Overlord  
  20  2:05  Drone  
  20  2:06  Drone  
  22  2:13  Metabolic Boost  
  22  2:19  Drone  
  23  2:23  Drone  
  24  2:37  Queen  
  24  2:43  Zergling x2  
  24  2:44  Zergling x4  
  29  2:46  Zergling x2  
  30  3:04  Spine Crawler  
  29  3:08  Overlord  
  29  3:09  Drone x3  
  32  3:24  Roach Warren  
  32  3:27  Overlord, Zergling x4  
  31  3:29  Zergling x2  
  31  3:31  Zergling x2  
  35  3:49  Zergling x14  
  35  3:54  Drone  
  43  3:56  Drone  
  43  3:57  Drone  
  45  4:12  Drone x2  
  45  4:13  Drone x2  
  49  4:25  Drone x3  
  49  4:26  Overlord x2  
  41  4:43  Extractor  
  36  4:58  Roach  
  36  4:59  Roach x8  
  54  5:04  Lair  
  54  5:12  Overlord  
  54  5:22  Evolution Chamber  
  54  5:25  Evolution Chamber  
  52  5:29  Overlord  
  52  5:30  Overlord  
  52  5:31  Drone x2  
  52  5:33  Roach x4  
  62  5:40  Drone x3  
  65  6:08  Extractor  
  64  6:28  Roach x3  
  66  6:33  Hydralisk Den  
  66  6:37  Zergling x8  
  66  6:38  Zergling x8  
  69  6:46  Roach x3  
  69  6:47  Roach  
Show
View Real Time Build Order
Export as new Build Order

zidar Zerg - Winner!

Build Orders: Hatch First 

Get SALT Encoding   

  12  0:02  Drone  
  13  0:12  Overlord  
  13  0:18  Drone  
  14  0:30  Drone x2  
  14  0:34  Drone  
  17  0:55  Hatchery  
  16  0:58  Drone  
  17  1:15  Spawning Pool  
  17  1:16  Drone  
  17  1:21  Extractor  
  17  1:22  Drone  
  17  1:26  Drone  
  18  1:37  Drone  
  19  1:40  Overlord  
  19  1:50  Drone  
  20  2:02  Queen  
  20  2:04  Drone  
  23  2:13  Queen  
  25  2:25  Zergling x2  
  25  2:26  Baneling Nest  
  25  2:27  Zergling x2  
  26  2:46  Drone x5  
  31  2:54  Metabolic Boost  
  31  2:59  Drone x2  
  33  3:09  Roach Warren  
  32  3:13  Evolution Chamber  
  31  3:22  Drone x5  
  31  3:26  Extractor  
  35  3:28  Overlord  
  35  3:32  Drone  
  36  3:51  Zerg Missile Weapons Level 1  
  36  4:06  Roach x4  
  43  4:14  Overlord x3  
  43  4:16  Baneling x3  
  40  5:03  Roach  
  40  5:04  Roach x8  
  58  5:26  Roach  
  58  5:27  Roach x3  
  66  5:30  Overlord x2  
  66  5:41  Ravager  
  67  5:46  Ravager  
  68  6:00  Ravager  
  69  6:09  Extractor  
  68  6:22  Roach x4  
  68  6:23  Roach  
Tags
 
Add a new tag
Caveats
  • Supply blocks, unpowered buildings, or Contaminate may cause inaccurate times.
  • Supply counts are checked every 10 seconds.